 Dungeon Crawl Stone Soup version 0.28-a0-519-gbfeecf2fc5 (webtiles) character file.

Game seed: 4473102829114073863

4173 siradein the Quickloader (level 10, -3/76 (80) HPs)
             Began as a Demonspawn Hunter on Sept 23, 2021.
             Was an Initiate of Gozag.
             Shot with an arrow by a centaur warrior (9 damage)
             ... on level 8 of the Dungeon.
             The game lasted 00:54:31 (13309 turns).

siradein the Quickloader (Demonspawn Hunter)       Turns: 13309, Time: 00:54:31

HP:   -3/76 (80)    AC: 15    Str: 13    XL:     10   Next: 7%
MP:   10/10         EV:  7    Int: 13    God:    Gozag
Gold: 286           SH:  3    Dex: 16    Spells: 9/9 levels left

rFire   . . .      SeeInvis .   D - +0 rapier (speed)
rCold   . . .      Faith    .   L - +0 buckler
rNeg    . . .      Spirit   .   b - +3 chain mail
rPois   +          Reflect  .   G - +2 hat
rElec   .          Harm     .   N - +0 cloak
rCorr   .          Rampage  .   (no gloves)
Will    +....                   (no boots)
Stlth   ..........              (no amulet)
HPRegen 0.22/turn               E - ring of poison resistance
MPRegen 0.12/turn               I - ring of willpower

@: drained
A: hooves 2, ignite blood 1, sharp scales 1
a: Renounce Religion, Potion Petition, Call Merchant, Bribe Branch


You were on level 8 of the Dungeon.
You worshipped Gozag.
Gozag was aware of your devotion.
You visited 2 branches of the dungeon, and saw 10 of its levels.
You also visited: Sewer.

You collected 1485 gold pieces.
You spent 1137 gold pieces at shops.
You paid 62 gold pieces to Gozag.

Inventory:

Hand Weapons
 a - a +3 hand crossbow of venom
 q - a +0 hunting sling of freezing
 D - a +0 rapier of speed (weapon)
Missiles
 c - 3 throwing nets
 d - 61 bolts
 h - 212 stones
 p - 68 sling bullets
 t - 17 poisoned darts (quivered)
 x - 8 boomerangs
 y - a curare-tipped dart
Armour
 b - a +3 chain mail (worn)
 G - a +2 hat (worn)
 L - a +0 buckler (worn)
 N - a +0 cloak (worn)
Jewellery
 E - a ring of poison resistance (left hand)
 I - a ring of willpower (right hand)
 J - a ring of flight
 K - a ring of protection from cold
 P - the ring of Xom's Amusement {Ice rElec rN+ Str+7 Slay-4}
   (You found it on level 9 of the Dungeon)

   [ring of ice]

   It enhances your ice magic.
   Str:       It affects your strength (+7).
   Slay:      It affects your accuracy & damage with ranged weapons and melee
   (-4).
   rF:        It makes you vulnerable to fire.
   rC:        It protects you from cold.
   rElec:     It insulates you from electricity.
   rN:        It protects you from negative energy.
Wands
 r - a wand of iceblast (23)
 F - a wand of flame (9)
 O - a wand of paralysis (12)
Scrolls
 j - 3 scrolls of enchant armour
 m - 2 scrolls of silence
 o - a scroll of vulnerability
 s - 7 scrolls of teleportation
 u - 2 scrolls of amnesia
 w - 3 scrolls of immolation
 B - a scroll of blinking
 C - 4 scrolls of identify
 H - a scroll of summoning
Potions
 e - 2 potions of heal wounds
 f - 2 potions of ambrosia
 g - 2 potions of invisibility
 i - a potion of attraction
 k - 6 potions of lignification
 l - 4 potions of curing
 n - 2 potions of berserk rage
 v - 3 potions of might
 z - a potion of flight
 A - a potion of brilliance
 M - 4 potions of haste {unknown}


   Skills:
 + Level 8.0 Fighting
 + Level 4.9 Short Blades
 + Level 8.1 Crossbows
 + Level 7.3 Dodging
 - Level 0.8 Stealth


You had 9 spell levels left.
You didn't know any spells.
Your spell library contained the following spells:

 Spells                   Type           Power      Damage    Failure   Level
 Animate Skeleton         Necr           0%         N/A       100%        1
 Apportation              Tloc           0%         N/A       100%        1
 Summon Small Mammal      Summ           0%         N/A       100%        1
 Blink                    Tloc           N/A        N/A       100%        2
 Sublimation of Blood     Necr           0%         N/A       100%        2
 Conjure Flame            Conj/Fire      0%         6-21      100%        3
 Ignite Poison            Fire/Tmut/Pois 0%         N/A       100%        3
 Ozocubu's Armour         Ice            0%         N/A       100%        3
 Petrify                  Tmut/Erth      0%         N/A       100%        4
 Sticky Flame             Conj/Fire      0%         2d3       100%        4
 Fireball                 Conj/Fire      0%         3d3       100%        5
 Irradiate                Conj/Tmut      0%         3d13      100%        5
 Manifold Assault         Tloc           0%         N/A       100%        5
 Metabolic Englaciation   Hex/Ice        0%         N/A       100%        5
 Simulacrum               Ice/Necr       0%         N/A       100%        6
 Starburst                Conj/Fire      0%         6d3       100%        6
 Storm Form               Tmut/Air       0%         N/A       100%        7
 Ignition                 Fire           0%         3d3       100%        8


Dungeon Overview and Level Annotations

Branches:
Dungeon (9/15)             Temple (1/1) D:4            Lair (0/6) D:9
  Sewer (visited)
    Orc: D:9-12

Altars:
Ashenzari
Dithmenos
Elyvilon
Fedhas
Gozag
Kikubaaqudgha
Makhleb
Nemelex Xobeh
Okawaru
Qazlal
Ru
Sif Muna
Trog
Uskayaw
Vehumet
Wu Jian
Zin
The Shining One

Shops:
D:1 *?:*?   D:4 =!?[:   D:5 *

Annotations:
D:3 3 runed translucent doors, RandomusNamus's ghost, amateur OpFE; robertstho's ghost, novice DjFE


Innate Abilities, Weirdness & Mutations

You have hoof-like feet.
Your demonic aura sometimes causes spilled blood to erupt in flames.
You are partially covered in razor-sharp scales. (AC +1, Slay +1)


Message History

a +3 great sword; a +0 robe You start resting.
An orc warrior comes into view. It is wielding a +0 hand axe.
Things that are here:
a +3 great sword; a +0 robe The orc warrior shouts!
Things that are here:
a +4 dagger; a +0 robe A white imp comes into view.
The white imp gestures at you. The puff of frost hits you.
You hit the orc warrior but do no damage.
The orc warrior hits you with a +0 hand axe.
The centaur warrior shouts!
The centaur warrior wields a +0 shortbow.
The centaur warrior shoots an arrow.
The arrow hits you but does no damage.
Things that are here:
a +0 robe; a +0 long sword A centaur zombie comes into view.
Things that are here:
a +0 robe; a +1 dagger of speed The centaur warrior shoots an arrow.
The arrow hits you!
The centaur warrior shoots an arrow.
The arrow hits you!
The orc warrior hits you but does no damage.
A howler monkey comes into view.
The howler monkey howls!
The centaur warrior shoots an arrow.
The arrow hits you!
* * * LOW HITPOINT WARNING * * *
The orc warrior completely misses you.
The centaur warrior shoots an arrow.
The arrow hits you.
* * * LOW HITPOINT WARNING * * *
The white imp gestures at you.
You hear a sizzling sound!
The centaur warrior shoots an arrow.
The arrow hits you!
* * * LOW HITPOINT WARNING * * *
The white imp puffs mist at you. The centaur zombie closely misses you.
You block the centaur zombie's attack.
The centaur warrior shoots an arrow.
The arrow hits you!
You die...
Your body crumbles into a pile of gold.

..##....##..........##...#
.####..............##....#
..###...............##...#
.......####..#...........#
.....[<###..###..........###
..............#............#
.........##..##..#....#...##
......#..###..##..o..##[...#
....###[.......#@.°...c...##
...###...........Z....5....#
...# #...#......h..[[......#
...###....##.......[......##
#....#[.#.###.............#
##.).[.)#.#...............##
....##..............##.....#
..####...................###
### ##.....#..###......##


You could see a centaur warrior, an orc warrior, a howler monkey, a white imp
and a centaur zombie.

Vanquished Creatures
  A death yak (D:8)
  2 centaur zombies
  A steam dragon (D:7)
  4 water moccasins
  An ice beast (D:8)
  An orc warrior (D:8)
  4 black bears
  2 ogres
  A centaur (D:6)
  2 phantoms
  2 kobold brigands
  A gnoll sergeant (D:8)
  A bullfrog (D:7)
  A wyvern skeleton (D:5)
  2 scorpions
  2 water moccasin zombies
  7 wights (D:8)
  2 howler monkeys (D:7)
  A crimson imp (D:4)
  A jelly (D:7)
  A bullfrog skeleton (D:6)
  3 hounds
  An orc priest (D:3)
  A gnoll shaman (D:6)
  Terence (D:2)
  3 iguanas
  4 orc wizards
  2 hound skeletons
  16 gnolls
  6 adders
  3 white imps
  2 ufetubi
  An adder skeleton (D:4)
  2 dart slugs
  20 orcs
  9 endoplasms
  6 giant cockroaches
  8 hobgoblins
  15 kobolds
  8 quokkas
  5 ball pythons
  13 bats
  5 frilled lizards
  7 rats
181 creatures vanquished.

Vanquished Creatures (others)
  3 fungi (D:9)
  A plant (D:9)
  6 withered plants (D:3)
10 creatures vanquished.

Grand Total: 191 creatures vanquished

Notes
Turn   | Place    | Note
-------+----------+-------------------------------------------
     0 | D:1      | siradein the Demonspawn Hunter began the quest for the Orb.
     0 | D:1      | Reached XP level 1. HP: 16/16 MP: 1/1
    17 | D:1      | Found Cyas's Book Boutique.
   113 | D:1      | Found Nulag's Assorted Antiques.
   648 | D:1      | Found Puska's Magic Scroll Emporium.
   656 | D:1      | Bought a scroll of identify for 22 gold pieces
   663 | D:1      | Gained mutation: You have large cloven feet. [demonic
                  | ancestry]
   663 | D:1      | Reached XP level 2. HP: 22/22 MP: 2/2
  1086 | D:1      | Found Umnoehir's Assorted Antiques.
  1269 | D:1      | Found Vetoxali's Magic Scroll Shop.
  1386 | D:2      | Noticed Terence
  1394 | D:2      | Killed Terence
  1395 | D:2      | Gained mutation: Your demonic aura sometimes causes spilled
                  | blood to erupt in flames. [demonic ancestry]
  1395 | D:2      | Reached XP level 3. HP: 10/28 MP: 3/3
  1684 | D:2      | Gained mutation: You are partially covered in razor-sharp
                  | scales. (AC +1, Slay +1) [demonic ancestry]
  1684 | D:2      | Reached XP level 4. HP: 34/34 MP: 4/4
  1892 | D:2      | You fall into a shaft and drop 2 floors!
  1912 | D:4      | Found Fupac's Magic Scroll Shoppe.
  1914 | D:4      | Found Myenonec's Distillery.
  1922 | D:4      | Found Seucinti's Armour Emporium.
  1999 | D:4      | Found a staircase to the Ecumenical Temple.
  2017 | Temple   | Entered the Ecumenical Temple
  2318 | Temple   | Became a worshipper of Gozag Ym Sagoz the Greedy
  2360 | D:4      | Noticed a phantom
  2679 | D:3      | Found a glowing drain.
  2683 | Sewer    | Entered a sewer
  2705 | Sewer    | Reached XP level 5. HP: 38/41 MP: 5/5
  2757 | Sewer    | Noticed a water moccasin
  2774 | Sewer    | Killed a water moccasin
  3656 | D:2      | Gained mutation: You have hoof-like feet. [demonic
                  | ancestry]
  3656 | D:2      | Reached XP level 6. HP: 45/48 MP: 6/6
  3826 | D:1      | Bought a hunting sling for 34 gold pieces
  3952 | D:3      | Found a runed translucent gate.
  3952 | D:3      | Found a runed translucent gate.
  3952 | D:3      | Found a runed translucent gate.
  3957 | D:3      | Noticed robertstho's ghost (novice DjFE)
  3957 | D:3      | Noticed RandomusNamus's ghost (amateur OpFE)
  4192 | D:1      | Bought a pair of heavily runed gloves for 237 gold pieces
  4192 | D:1      | Identified the -5 pair of gloves of Midsummer {Str+2} (You
                  | bought it in a shop on level 1 of the Dungeon)
  4483 | D:3      | Reached skill level 5 in Crossbows
  5392 | D:4      | Found an iron altar of Okawaru.
  5431 | D:4      | Bought a scroll of identify for 22 gold pieces
  5431 | D:4      | Bought a scroll of amnesia for 38 gold pieces
  5431 | D:4      | Bought a scroll of identify for 22 gold pieces
  5431 | D:4      | Bought a scroll of teleportation for 33 gold pieces
  5935 | Temple   | Reached XP level 7. HP: 33/55 MP: 7/7
  6175 | D:4      | Found Qiwag's Jewellery Boutique.
  6335 | D:4      | Reached skill level 5 in Fighting
  6370 | D:4      | Found a shimmering blue altar of Sif Muna.
  6798 | D:4      | Found Pillegamn's Book Shoppe.
  6813 | D:4      | Found a burning altar of Makhleb.
  6845 | D:4      | Found a radiant altar of Vehumet.
  6867 | D:5      | Entered Level 5 of the Dungeon
  6965 | D:5      | Reached skill level 5 in Dodging
  7272 | D:5      | Found Rufyrien's General Store.
  7279 | D:5      | Bought a scroll of enchant weapon for 82 gold pieces
  7279 | D:5      | Bought a potion of brilliance for 44 gold pieces
  7391 | D:5      | Reached XP level 8. HP: 53/63 MP: 8/8
  8539 | D:6      | Reached skill level 1 in Short Blades
  9543 | D:6      | Found a blossoming altar of Fedhas.
  9907 | D:1      | Bought a scroll of torment for 82 gold pieces
  9907 | D:1      | Bought a scroll of noise for 11 gold pieces
 10023 | D:4      | Bought a scroll of summoning for 104 gold pieces
 10023 | D:4      | Bought a scroll of enchant armour for 82 gold pieces
 10023 | D:4      | Bought a scroll of immolation for 38 gold pieces
 10030 | D:4      | Bought a potion of degeneration for 11 gold pieces
 10030 | D:4      | Bought a potion of heal wounds for 55 gold pieces
 10300 | D:7      | Reached XP level 9. HP: 71/71 MP: 9/9
 11334 | D:1      | Bought a scroll of brand weapon for 220 gold pieces
 12475 | D:8      | Noticed a centaur warrior
 12532 | D:9      | Found a staircase to the Lair.
 12533 | D:9      | Noticed a death yak
 12653 | D:9      | Identified the ring of Xom's Amusement {Ice rElec rN+ Str+7
                  | Slay-4}
 12699 | D:9      | Noticed a troll
 12699 | D:9      | Noticed a troll
 12813 | D:8      | Killed a death yak
 12814 | D:8      | Reached XP level 10. HP: 26/80 MP: 10/10
 13309 | D:8      | Shot with an arrow by a centaur warrior

Illustrated notes

Levels and vault maps discovered:
D:1:      minmay_arrival_nine_rooms, layout_basic, serial_shops, shop, shop,
          shop, shop, shop, minmay_misc_feat_more_columns, minivault_19
D:2:      layout_basic, uniq_terence
D:3:      layout_basic, gammafunk_ghost_cemetery, gup_sewer_entry_bowl,
          kennysheep_doodads
D:4:      layout_loops_ring, grunt_temple_overflow_lords_of_destruction,
          nicolae_sif_muna_condensation, mainiacjoe_overflow_surrounded_room,
          general_overflow_altar, minmay_temple_entry_offerings,
          chequers_ossuary_entry_cave, serial_shops, shop, nicolae_diamond_shop,
          shop, nicolae_stop_n_shop_1, shop, minmay_close_crescents
D:5:      layout_loops_ring, serial_shops, nicolae_shop_crystal
D:6:      layout_basic, mainiacjoe_overflow_boulevard, fedhas_altar_fruit_tree
D:7:      layout_basic
D:8:      minmay_clustersquares, layout_cave_pools
D:9:      layout_roguey, david_lair_generic, orc_david_3
Temple:   minmay_temple_curvy_loop

Skill      XL: |  1  2  3  4  5  6  7  8  9 |
---------------+----------------------------+-----
Dodging        | 2 3 4 5 6 7 |  7.3
Crossbows      | 4 5 6 7 8 |  8.1
Fighting       | 3 4 5 6 8 |  8.0
Short Blades   | 2 4 |  4.9
Stealth        | |  0.8

Action                   |  1- 3 |  4- 6 |  7- 9 | 10-12 || total
-------------------------+-------+-------+-------+-------++-------
Melee: Short sword       |    76 |   116 |       |       ||   192
       Kick              |     7 |    35 |    88 |     4 ||   134
       Rapier            |       |    83 |   272 |    12 ||   367
 Fire: Hand crossbow     |    12 |    17 |    41 |       ||    70
       Hunting sling     |       |    23 |   196 |       ||   219
  Use: Scroll            |     1 |     5 |     9 |       ||    15
Armor: Leather armour    |    30 |       |       |       ||    30
       Ring mail         |       |    97 |       |       ||    97
       Chain mail        |       |     9 |   274 |    10 ||   293
Dodge: Dodged            |    48 |   164 |   129 |     7 ||   348
Block: Buckler           |       |       |    11 |     3 ||    14

Table legend: (Time is in decaauts)
 A = Elapsed time spent in this place.
 B = Non-inter-level travel time spent in this place.
 C = Inter-level travel time spent in this place.
 D = Time resting spent in this place.
 E = Time spent auto-exploring this place.
 F = Levels seen in this place.
 G = Mean time per level.
                   A        B        C        D        E       F      G
               +--------+--------+--------+--------+--------+-----+--------+
         Total |  13357 |  12252 |   1105 |   1685 |   7863 |  11 | 1214.3 |
       Dungeon |  12132 |  11027 |   1105 |    960 |   7584 |   9 | 1348.0 |
        Temple |    788 |    788 |      0 |    440 |    198 |   1 |  788.0 |
         Sewer |    437 |    437 |      0 |    285 |     81 |   1 |  437.0 |
               +--------+--------+--------+--------+--------+-----+--------+

Top non-repeatable levels by time:
     D:3: 1771 daAuts
     D:8: 1761 daAuts
     D:1: 1711 daAuts
     D:5: 1632 daAuts
     D:4: 1388 daAuts
     D:6: 1374 daAuts
     D:2: 1301 daAuts
     D:7: 1036 daAuts
  Temple: 788 daAuts
   Sewer: 437 daAuts
     D:9: 155 daAuts
